 Dungeon Crawl Stone Soup version 0.18.1-51-gd549091e01 (webtiles) character file.

31658 magog001 the Spear-Bearer (level 13, -2/124 HPs)
             Began as a Minotaur Fighter on Apr 30, 2022.
             Was an Initiate of Gozag.
             Slain by a 14-headed hydra (7 damage)
             ... on level 4 of the Lair of Beasts.
             The game lasted 01:22:10 (14512 turns).

magog001 the Spear-Bearer (Minotaur Fighter)       Turns: 14512, Time: 01:22:10

Health: -2/124     AC: 22    Str: 30    XL:     13   Next: 27%
Magic:  12/12      EV: 16    Int: 10    God:    Gozag
Gold:   3975       SH:  0    Dex: 16    Spells: 0 memorised, 12 levels left

rFire  + + .     SeeInvis .     v - +7 glaive of Victory {holy, *Noise rC+ Str+3 Int+5}
rCold  + . .     Gourm    .     E - +1 plate armour
rNeg   + . .     Faith    .     (shield currently unavailable)
rPois  +         Spirit   .     F - +2 hat "Hetsom" {rF++ rN+ Dex+7}
rElec  .         Dismiss  .     Y - +0 cloak
rCorr  .         Reflect  .     D - +0 pair of gloves
SustAt .         Harm     .     (no boots)
MR     .....                    z - amulet of regeneration
Stlth  ..........               W - ring of poison resistance
                                p - +3 ring of evasion

@: about to teleport, not resistant to hostile enchantments, extremely
unstealthy
A: retaliatory headbutt, horns 2
a: Potion Petition, Call Merchant, Bribe Branch, Renounce Religion


You were on level 4 of the Lair of Beasts.
You worshipped Gozag.
Gozag was noncommittal.
You were not hungry.

You visited 2 branches of the dungeon, and saw 17 of its levels.
You also visited: Sewer and Ice Cave.

You collected 4446 gold pieces.
You spent 408 gold pieces at shops.
You paid 63 gold pieces to Gozag.

Inventory:

Hand Weapons
 v - the +7 glaive of Victory (weapon) {holy, *Noise rC+ Str+3 Int+5}
   (You found it on level 4 of the Dungeon)

   It has been blessed by the Shining One to cause great damage to the undead
   and demons.
   It affects your strength (+3).
   It affects your intelligence (+5).
   It protects you from cold.
   It may make noises in combat.
 y - a +3 hunting sling of velocity
 A - a +1 short sword of venom
 K - a +2 flail of protection
 R - the +7 glaive "Boront" {freeze, rF++ Str+2}
   (You found it in an ice cave)

   It has been specially enchanted to freeze those struck by it, causing extra
   injury to most foes and up to half again as much damage against particularly
   susceptible opponents.
   It can also slow down cold-blooded creatures.
   It affects your strength (+2).
   It greatly protects you from fire.
Missiles
 b - 16 poisoned needles
 k - 505 stones (quivered)
 t - 90 sling bullets
 x - 21 tomahawks
Armour
 D - a +0 pair of gloves (worn)
 E - a +1 plate armour (worn)
 F - the +2 hat "Hetsom" (worn) {rF++ rN+ Dex+7}
   (You found it in a sewer)

   It affects your dexterity (+7).
   It greatly protects you from fire.
   It protects you from negative energy.
 Y - a +0 cloak (worn)
Rods
 a - a +1 lightning rod (10/10)
   (You found it on level 7 of the Dungeon)
Jewellery
 d - a cursed amulet of inaccuracy {unknown}
 p - a +3 ring of evasion (left hand)
 z - an amulet of regeneration (around neck)
 C - a +3 ring of intelligence
 O - an uncursed ring of protection from cold
 Q - a +3 ring of dexterity
 W - a ring of poison resistance (right hand)
Wands
 q - a wand of teleportation (2/9)
 H - a wand of disintegration (0/24)
 J - a wand of acid (5/15)
 M - a wand of flame (20/48)
Scrolls
 c - 3 scrolls of fear
 e - 11 scrolls of remove curse
 g - a scroll of recharging
 h - 7 scrolls of identify
 o - 12 scrolls of teleportation
 B - 3 scrolls of fog
 N - 2 scrolls of blinking
 P - a scroll of magic mapping
Potions
 i - 4 potions of agility
 j - a potion of lignification
 l - a potion of magic
 m - 4 potions of curing
 r - a potion of haste
 u - a potion of resistance
 w - 7 potions of flight
 L - 2 potions of brilliance
 S - a potion of cancellation
 X - a potion of mutation {unknown}
Miscellaneous
 f - an ornate deck of summoning {drawn: 2}
 n - a box of beasts {used: 2}
 G - a plain deck of defence {drawn: 1}
 I - a plain deck of wonders {Focus}
 V - a box of beasts
Comestibles
 T - 5 royal jellies
 U - a meat ration
 Z - a bread ration


   Skills:
 * Level 14.0 Fighting
   Level 4.0(10.7) Axes
 * Level 14.9(15.1) Polearms
 * Level 13.5 Armour
 * Level 8.7 Dodging
 + Level 1.8 Stealth
   Level 5.4 Shields
 + Level 0.3 Evocations


You had 12 spell levels left.
You didn't know any spells.

Dungeon Overview and Level Annotations

Branches:
Dungeon (10/15)            Temple (0/1) D:7            Lair (7/8) D:10
 Shoals (0/4) Lair:4        Snake (0/4) Lair:4
  Slime: Lair:6-8       Orc: D:9-12

Altars:
Ashenzari
Dithmenos
Elyvilon
Fedhas
Gozag
Kikubaaqudgha
Makhleb
Okawaru
Pakellas
Ru
Sif Muna
Trog
Vehumet
Xom
Yredelemnul

Shops:
D:4 }


Innate Abilities, Weirdness & Mutations

You reflexively headbutt those who attack you in melee.
You have a pair of horns on your head.


Message History

The 13-headed hydra bites you.
* * * LOW HITPOINT WARNING * * *
The 13-headed hydra misses you.
You chop one of the 13-headed hydra's heads off!
The 12-headed hydra grows two more!
You slice the 14-headed hydra!!
The 14-headed hydra is almost dead.
The 14-headed hydra bites you but does no damage.
The 14-headed hydra bites you.
* * * LOW HITPOINT WARNING * * *
The 14-headed hydra bites you.
* * * LOW HITPOINT WARNING * * *
The 14-headed hydra bites you.
* * * LOW HITPOINT WARNING * * *
The 14-headed hydra bites you.
* * * LOW HITPOINT WARNING * * *
The 14-headed hydra bites you but does no damage.
The 14-headed hydra closely misses you. The 14-headed hydra misses you.
The 14-headed hydra bites you!
You die...
Your body crumbles into a pile of gold.

..##...##....
.#P...#.....
.......+.... ..........
# ##....#.##+# .#.
+#####....#..##.###...#
........$.............#
.......>$.>..........#
.>......$.$.$D@......#
.......................
...#.##..............##
## ##.................#
###..#...###..#P..#
#P...##..# .###.P#
###..#......... ..#
..............#.##
...............


You could see a 14-headed hydra.

Vanquished Creatures
  Fannar (Lair:1)
  The ghost of tuurum the Bludgeoner, a journeyman MiBe of Trog (D:10)
  3 hydras
  A queen ant (Lair:1)
  3 hill giants (D:10)
  Pikel (D:5)
  2 griffons
  3 elephants (Lair:3)
  A manticore (Lair:4)
  Joseph (D:8)
  4 black mambas
  An ice statue (IceCv)
  3 spiny frogs
  5 komodo dragons
  2 rime drakes
  A queen bee (D:9)
  A troll (D:9)
  2 wyverns
  23 yaks
  7 hippogriffs
  A steam dragon (D:10)
  A hungry ghost (D:7)
  3 wargs (D:10)
  20 soldier ants (Lair:1)
  5 water moccasins
  Duvessa (D:7)
  8 porcupines
  16 ice beasts
  6 orc warriors
  4 sky beasts
  2 phantoms
  A black bear (Lair:2)
  2 ogres
  2 centaurs (D:9)
  9 wolves
  8 crocodiles
  9 giant frogs
  A wyvern skeleton (D:8)
  Dowan (D:7)
  6 scorpions
  17 killer bees (D:9)
  A howler monkey (D:7)
  3 giant frog zombies
  3 crimson imps
  A lava snake (Lair:6)
  A wasp zombie (D:9)
  2 jellies
  3 hounds
  10 orc priests
  A giant frog skeleton (D:6)
  12 orc wizards
  24 worker ants
  5 iguanas
  A killer bee zombie (D:8)
  14 sheep
  A hound zombie (D:9)
  4 hound skeletons
  2 worker ant zombies
  11 gnolls
  12 adders
  A howler monkey skeleton (D:6)
  23 river rats
  2 shadow imps
  5 oozes
  An adder zombie (D:5)
  5 worms
  9 giant geckos
  37 orcs
  9 giant cockroaches
  5 goblins
  5 hobgoblins
  9 jackals
  13 kobolds
  8 quokkas
  5 ball pythons
  16 bats
  2 giant newts (D:2)
  A jackal skeleton (D:4)
  A quokka skeleton (D:5)
  A quokka zombie (D:6)
  12 rats
  2 plants (Lair:1)
472 creatures vanquished.

Vanquished Creatures (collateral kills)
  A hydra (Lair:7)
  A griffon (Lair:7)
  An ice statue (IceCv)
  A basilisk (Lair:7)
  A porcupine (Lair:7)
  2 ice beasts (Lair:7)
7 creatures vanquished.

Vanquished Creatures (others)
  A scorpion (D:5)
  An adder skeleton (D:5)
  A fungus (Lair:1)
3 creatures vanquished.

Grand Total: 482 creatures vanquished

Notes
Turn   | Place    | Note
--------------------------------------------------------------
     0 | D:1      | magog001 the Minotaur Fighter began the quest for the Orb.
     0 | D:1      | Reached XP level 1. HP: 19/19 MP: 0/0
   197 | D:1      | Reached XP level 2. HP: 24/27 MP: 1/1
   929 | D:2      | Reached XP level 3. HP: 33/33 MP: 2/2
  1044 | D:2      | Found a radiant altar of Vehumet.
  1233 | D:2      | Found an ancient bone altar of Kikubaaqudgha.
  1532 | D:2      | Found a shattered altar of Ashenzari.
  1948 | D:3      | Reached XP level 4. HP: 41/41 MP: 3/3
  1960 | D:3      | Found a sacrificial altar of Ru.
  2120 | D:3      | Found a burning altar of Makhleb.
  3676 | D:3      | Found an opulent altar of Gozag.
  3707 | D:3      | Became a worshipper of Gozag Ym Sagoz the Greedy
  4121 | D:4      | Found a shadowy altar of Dithmenos.
  4150 | D:4      | Got a scorched glaive
  4182 | D:4      | Reached skill level 5 in Armour
  4182 | D:4      | Reached skill level 5 in Shields
  4182 | D:4      | Reached XP level 5. HP: 47/47 MP: 4/4
  4188 | D:4      | Found Eqeejuph's Gadget Emporium.
  4231 | D:4      | Reached skill level 5 in Fighting
  4247 | D:4      | Reached XP level 6. HP: 56/56 MP: 5/5
  4313 | D:4      | Found a glowing drain.
  4321 | Sewer    | Entered a sewer
  4708 | Sewer    | Got an ichor-stained hat
  4754 | Sewer    | Identified the +2 hat "Hetsom" {rF++ rN+ Dex+7} (You found it in a sewer)
  4884 | D:4      | Bought a plain deck of defence for 168 gold pieces
  4884 | D:4      | Bought a wand of disintegration (2/24) for 72 gold pieces
  4884 | D:4      | Bought a plain deck of wonders for 168 gold pieces
  4972 | D:4      | Identified the +7 glaive of Victory {holy, *Noise rC+ Str+3 Int+5} (You found it on level 4 of the Dungeon)
  5053 | D:4      | Reached skill level 1 in Polearms
  5232 | D:5      | Entered Level 5 of the Dungeon
  5247 | D:5      | Reached XP level 7. HP: 56/62 MP: 6/6
  5278 | D:5      | Noticed Pikel
  5293 | D:5      | Killed Pikel
  5395 | D:5      | Reached XP level 8. HP: 56/73 MP: 7/7
  5438 | D:5      | Found a deep blue altar of Sif Muna.
  5613 | D:5      | Found a shimmering altar of Xom.
  5919 | D:6      | Found an oddly glowing altar of Pakellas.
  6113 | D:6      | Found a blossoming altar of Fedhas.
  6433 | D:6      | Reached skill level 5 in Polearms
  6722 | D:7      | Found a staircase to the Ecumenical Temple.
  6780 | D:7      | Noticed Duvessa
  6780 | D:7      | Noticed Dowan
  6784 | D:7      | Killed Duvessa
  6784 | D:7      | Reached XP level 9. HP: 82/82 MP: 8/8
  6785 | D:7      | Killed Dowan
  7177 | D:7      | Found a basalt altar of Yredelemnul.
  7459 | D:8      | Found a bloodstained altar of Trog.
  7751 | D:8      | Noticed Joseph
  7765 | D:8      | Killed Joseph
  7818 | D:8      | Reached skill level 5 in Dodging
  8307 | D:9      | Reached XP level 10. HP: 92/92 MP: 9/9
  8435 | D:9      | Found a white marble altar of Elyvilon.
  8450 | D:9      | Reached skill level 10 in Armour
  8529 | D:9      | Found an iron altar of Okawaru.
  8713 | D:9      | Reached skill level 10 in Fighting
  8958 | D:9      | Reached skill level 10 in Polearms
  9234 | D:10     | Entered Level 10 of the Dungeon
  9318 | D:10     | Noticed a hill giant
  9324 | D:10     | Killed a hill giant
  9429 | D:10     | Found a staircase to the Lair.
  9430 | D:10     | Noticed tuurum's ghost (journeyman MiBe)
  9455 | D:10     | Killed tuurum's ghost
  9455 | D:10     | Reached XP level 11. HP: 49/102 MP: 10/10
  9813 | D:10     | Noticed a hill giant
  9821 | D:10     | Killed a hill giant
 10102 | D:10     | Noticed a hill giant
 10107 | D:10     | Killed a hill giant
 10399 | Lair:1   | Entered Level 1 of the Lair of Beasts
 10464 | Lair:1   | Noticed a queen ant
 10492 | Lair:1   | Killed a queen ant
 11000 | Lair:1   | Reached XP level 12. HP: 113/113 MP: 11/11
 11065 | Lair:1   | Noticed a four-headed hydra
 11077 | Lair:1   | Killed a nine-headed hydra
 11177 | Lair:1   | Noticed Fannar
 11190 | Lair:1   | Killed Fannar
 11195 | Lair:1   | Reached skill level 1 in Stealth
 13265 | Lair:4   | Found a staircase to the Snake Pit.
 13319 | Lair:4   | Noticed a seven-headed hydra
 13319 | Lair:4   | Noticed a five-headed hydra
 13323 | Lair:4   | You fall through a shaft for 3 floors!
 13323 | Lair:7   | Found a frozen archway.
 13333 | Lair:7   | Noticed a six-headed hydra
 13346 | Lair:7   | Killed a nine-headed hydra
 13419 | IceCv    | Entered an ice cave
 13679 | IceCv    | Reached XP level 13. HP: 91/123 MP: 12/12
 13694 | IceCv    | Got a fine glaive
 13754 | IceCv    | Identified the +7 glaive "Boront" {freeze, rF++ Str+2} (You found it in an ice cave)
 13847 | Lair:6   | Found an iron altar of Okawaru.
 14462 | Lair:4   | Found a staircase to the Shoals.
 14512 | Lair:4   | HP: 5/124 [14-headed hydra (2)]
 14512 | Lair:4   | Slain by a 14-headed hydra

Skill      XL: |  1  2  3  4  5  6  7  8  9 10 11 12 13 |
---------------+----------------------------------------+-----
Shields        | 4 5 |  5.4
Fighting       | 4 5 7 8 9 11 12 13 14 | 14.0
Armour         | 4 5 6 7 8 9 11 12 13 | 13.5
Axes           | 3 4 |  4.0
Polearms       | 1 3 5 8 10 12 14 | 14.9
Dodging        | 2 4 5 6 7 8 |  8.7
Stealth        | 1 |  1.8
Evocations     | |  0.3

Action                   |  1- 3 |  4- 6 |  7- 9 | 10-12 | 13-15 || total
-------------------------+-------+-------+-------+-------+-------++-------
Melee: War axe           |    83 |   137 |       |       |       ||   220
       Headbutt          |     6 |    34 |    41 |   150 |    37 ||   268
       Glaive            |       |    16 |   166 |   519 |    96 ||   797
 Fire: Hunting sling     |       |       |       |     2 |       ||     2
Throw: Stone             |       |     2 |       |       |       ||     2
Evoke: Wand              |       |       |       |     3 |     1 ||     4
       Deck              |       |       |       |     3 |       ||     3
       Box of beasts     |       |       |       |     1 |     1 ||     2
  Use: Scroll            |       |    16 |     5 |    12 |       ||    33
       Potion            |       |     3 |     4 |     2 |     4 ||    13
 Stab: Distracted        |       |       |     1 |    11 |     1 ||    13
  Eat: Chunk             |     3 |     1 |       |       |       ||     4
       Royal jelly       |       |     1 |     1 |     2 |       ||     4
       Meat ration       |       |     1 |       |     1 |       ||     2
       Bread ration      |       |     1 |     2 |     1 |       ||     4
       Pizza             |       |       |     1 |     1 |       ||     2
       Beef jerky        |       |       |     1 |     1 |       ||     2
       Fruit             |       |       |       |     3 |       ||     3
Armor: Scale mail        |    40 |       |       |       |       ||    40
       Plate armour      |       |   156 |    96 |   289 |   134 ||   675
Dodge: Dodged            |    28 |    84 |   100 |   429 |   165 ||   806
Block: Shield            |    55 |   114 |       |       |       ||   169
